 Dungeon Sprint DCSS version 0.22.1-2-g9c5b331 (webtiles) character file.

49 diana the Insei (level 3, -10/30 HPs)
             Began as a Demigod Transmuter on Dec 24, 2018.
             Mangled by a water elemental (15 damage)
             ... in the Dungeon (Sprint III: "The Ten Rune Challenge").
             The game lasted 00:02:05 (508 turns).

diana the Insei (Demigod Transmuter)                 Turns: 508, Time: 00:02:07

Health: -10/30     AC: 13    Str: 15    XL:     3   Next: 33%
Magic:  8/8        EV:  7    Int: 17    God:
Gold:   12         SH:  0    Dex: 16    Spells: 4/5 levels left

rFire    + . .     SeeInvis .     - Unarmed
rCold    . . .     Gourm    .   (no shield)
rNeg     . . .     Faith    .   k - +0 plate armour
rPois    .         Spirit   .   (no helmet)
rElec    .         Reflect  .   (no cloak)
rCorr    .         Harm     .   (no gloves)
MR       .....     NoTele   +   (no boots)
Stlth    ..........             (no amulet)
HPRegen  0.10/turn              (no ring)
MPRegen  0.11/turn              (no ring)

@: engulfed (cannot breathe)
A: repulsion field 1, iridescent scales 1, fire resistance 1, high mp 1,
screaming 1
a: no special abilities


You were in the Dungeon.
You were not hungry.

You visited 1 branch You collected 12 gold pieces.

Inventory:

Missiles
 a - 12 arrows
Armour
 b - a +0 robe
 k - a +0 plate armour (worn)
Scrolls
 c - 2 scrolls of holy word {unknown}
 f - 4 scrolls of identify
 j - a scroll of blinking
 l - 2 scrolls of remove curse {unknown}
Potions
 e - a potion of curing
 g - a potion of haste
 h - 2 potions of magic
 i - a potion of berserk rage
 m - 4 potions of flight
 n - a potion of mutation
Comestibles
 d - 3 rations


   Skills:
 + Level 2.8 Fighting
 + Level 2.5 Armour
 + Level 3.3 Dodging
 * Level 4.9 Unarmed Combat
 - Level 1.7 Spellcasting
 - Level 1.7 Transmutations


You had 4 spell levels left.
You knew the following spells:

 Your Spells              Type           Power        Failure   Level  Hunger
a - Beastly Appendage     Tmut           #.....       100%        1    #......

Your spell library contained the following spells:

 Spells                   Type           Power        Failure   Level  Hunger
 Sticks to Snakes         Tmut           #.......     100%        2    ###....
 Spider Form              Tmut/Pois      #.........   100%        3    ###....
 Ice Form                 Ice/Tmut       #.......     100%        4    #####..
 Blade Hands              Tmut           #.........   100%        5    ######.


Dungeon Overview and Level Annotations

Branches:
Dungeon (1/1)


Innate Abilities, Weirdness & Mutations

You have an increased reservoir of magic. (+10% MP)
You are surrounded by a mild repulsion field. (EV +2)
You are partially covered in iridescent scales. (AC +2)
Your flesh is heat resistant. (rF+)
You occasionally shout uncontrollably at your foes.


Message History

The water elemental hits you.
You hit the water elemental.
The water elemental is moderately damaged.
You hit the water elemental.
The water elemental is moderately damaged.
The water elemental hits you!
The water elemental engulfs you in water!
You slip free of the water engulfing you.
You gasp with relief as air once again reaches your lungs.
You barely miss the water elemental.
The water elemental is moderately damaged.
The water elemental hits you.
The water elemental engulfs you in water!
You hit the water elemental. You punch the water elemental.
The water elemental is heavily damaged.
* * * LOW HITPOINT WARNING * * *
Your lungs strain for air!
The water elemental hits you!
Ouch! That really hurt!
You die...

▓<.#..'.....♣♣ ♣.# *
▓..#..#......♣ ♣.# _
▓#'####....♣♣♣ ♣.#
▓..†..#....≈♣♣♣ ..###+#+#
▓.....#...≈≈..♣ ♣.#......
▓....[#..≈≈≈≈♣♣♣♣.'.⌠....
▓####'#..≈≈≈≈≈≈♣♣.#,
▓...).#.≈≈≈≈≈≈..E.# ⌠ _
▓.....#.≈≈≈≈≈..@..# *
▓.....#.≈≈≈.......# *
▓'#####...........#,
▓.................#
▓▓▓▓▓▓▓▓▓▓▓▓▓▓▓▓▓▓▓* , +
≈ * ≈ * * ,


You could see a water elemental.

Vanquished Creatures
  Jessica (D)
  A human (D)
  A phantom (D)
  3 rats (D)
6 creatures vanquished.

Vanquished Creatures (others)
  2 draconian scorchers (D)
  6 hellions (D)
  A yaktaur (D)
9 creatures vanquished.

Grand Total: 15 creatures vanquished

Notes
Turn   | Place    | Note
-------+----------+-------------------------------------------
     0 | D        | diana the Demigod Transmuter began the quest for the Orb.
     0 | D        | Reached XP level 1. HP: 15/15 MP: 5/5
     8 | D        | Reached skill level 1 in Fighting
    12 | D        | Reached skill level 3 in Unarmed Combat
    46 | D        | Noticed Jessica
    51 | D        | Killed Jessica
    51 | D        | Reached skill level 4 in Unarmed Combat
    51 | D        | Reached XP level 2. HP: 18/25 MP: 7/7
   103 | D        | Killed a hellion
   104 | D        | Killed a hellion
   105 | D        | Killed a hellion
   127 | D        | Killed a yaktaur
   160 | D        | Killed a hellion
   162 | D        | Killed a hellion
   180 | D        | Killed a white draconian scorcher
   182 | D        | Killed a white draconian scorcher
   221 | D        | HP: 1/25 [human (7)]
   236 | D        | HP: 1/25 [human (7)]
   241 | D        | Killed a hellion
   244 | D        | Reached XP level 3. HP: 24/30 MP: 8/8
   343 | D        | Gained mutation: Scrolls take you a little longer to read.
                  | [potion of mutation]
   343 | D        | Gained mutation: You have a pair of small antennae on your
                  | head. [potion of mutation]
   344 | D        | Lost mutation: Scrolls take you a little longer to read.
                  | [potion of mutation]
   344 | D        | Gained mutation: Your spells are a little easier to cast,
                  | but a little less powerful. [potion of mutation]
   344 | D        | Gained mutation: You possess an exceptional clarity of
                  | mind. [potion of mutation]
   344 | D        | Gained mutation: Your muscles are strong. (Str +2) [potion
                  | of mutation]
   345 | D        | Lost mutation: Your muscles are strong. (Str +2) [potion of
                  | mutation]
   345 | D        | Lost mutation: You possess an exceptional clarity of mind.
                  | [potion of mutation]
   345 | D        | Lost mutation: You have a pair of small antennae on your
                  | head. [potion of mutation]
   345 | D        | Gained mutation: Your spells are easier to cast, but less
                  | powerful. [potion of mutation]
   345 | D        | Gained mutation: You possess an exceptional clarity of
                  | mind. [potion of mutation]
   345 | D        | Gained mutation: You are resistant to hostile enchantments.
                  | (MR+) [potion of mutation]
   346 | D        | Lost mutation: You are resistant to hostile enchantments.
                  | (MR+) [potion of mutation]
   346 | D        | Gained mutation: Potions are less effective at restoring
                  | your health. [potion of mutation]
   346 | D        | Gained mutation: You expend magic power (3 MP) to
                  | strengthen your wands. [potion of mutation]
   346 | D        | Gained mutation: You passively map a small area around you.
                  | [potion of mutation]
   347 | D        | Lost mutation: You passively map a small area around you.
                  | [potion of mutation]
   347 | D        | Lost mutation: You expend magic power (3 MP) to strengthen
                  | your wands. [potion of mutation]
   347 | D        | Lost mutation: Your spells are easier to cast, but less
                  | powerful. [potion of mutation]
   347 | D        | Lost mutation: You possess an exceptional clarity of mind.
                  | [potion of mutation]
   347 | D        | Gained mutation: You possess an exceptional clarity of
                  | mind. [potion of mutation]
   347 | D        | Gained mutation: Your flesh is heat resistant. (rF+)
                  | [potion of mutation]
   348 | D        | Lost mutation: Potions are less effective at restoring your
                  | health. [potion of mutation]
   348 | D        | Lost mutation: Your spells are a little easier to cast, but
                  | a little less powerful. [potion of mutation]
   348 | D        | Lost mutation: You possess an exceptional clarity of mind.
                  | [potion of mutation]
   348 | D        | Gained mutation: You occasionally shout uncontrollably at
                  | your foes. [potion of mutation]
   348 | D        | Gained mutation: You are surrounded by a mild repulsion
                  | field. (EV +2) [potion of mutation]
   348 | D        | Gained mutation: You are partially covered in iridescent
                  | scales. (AC +2) [potion of mutation]
   494 | D        | Noticed a water elemental
   508 | D        | Mangled by a water elemental

Skill      XL: |  1  2 |
---------------+-------+-----
Fighting       | 2 |  2.8
Dodging        | 2 3 |  3.3
Unarmed Combat | 4 |  4.9
Armour         | 2 |  2.5
Spellcasting   | |  1.7
Transmutations | |  1.7

Action                   || total
-------------------------++-------
Melee: Unarmed           ||    77
       Punch             ||     1
  Use: Potion            ||     8
Armor: Robe              ||     5
       Plate armour      ||    21
Dodge: Dodged            ||    20
